 Dungeon Crawl Stone Soup version 0.31-a0-1522-g43313d8a59 (webtiles) character file.

Game seed: 14555680847951350164

20 bjtr the Gusty (level 2, 0/24 HPs)
             Began as an Oni Air Elementalist on Dec 30, 2023.
             Succumbed to an adder's poison
             ... on level 1 of the Dungeon.
             The game lasted 00:03:26 (874 turns).

bjtr the Gusty (Oni Air Elementalist)                Turns: 874, Time: 00:03:30

Health: 0/24       AC:  3    Str: 11    XL:     2   Next: 79%
Magic:  3/6        EV:  9    Int: 16    God:
Gold:   26         SH:  0    Dex:  9    Spells: 6/7 levels left

rFire   . . .        f - +0 mace
rCold   . . .        (no shield)
rNeg    . . .        a - +0 robe
rPois   .            (helmet restricted)
rElec   .            (no cloak)
rCorr   .            (gloves unavailable)
SInv    .            (boots unavailable)
Will    .....        (no amulet)
Stlth   +            (no ring)
HPRegen 0.24/turn    (no ring)
MPRegen 0.10/turn

%: no passive effects
@: lethally poisoned (0 -> -7)
A: large, unfitting armour, horns 1, tough skin 1, double potion healing,
drunken brawling
a: no special abilities


You were on level 1 of the Dungeon.
You visited 1 branch of the dungeon, and saw 2 of its levels.

You collected 26 gold pieces.

Inventory:

Hand Weapons
 f - a +0 mace (weapon)
 h - a +0 dagger of freezing
Armour
 a - a +0 robe (worn)
Scrolls
 c - a scroll of teleportation {unknown}
 d - 6 scrolls of identify {unknown}
Potions
 b - 2 potions of magic
 g - a potion of enlightenment {unknown}


   Skills:
 + Level 1.8 Dodging
 + Level 1.5 Stealth
 + Level 3.0 Spellcasting
 + Level 0.8 Conjurations
 + Level 3.1 Air Magic


You had 6 spell levels left.
You knew the following spells:

 Your Spells              Type           Power      Damage    Failure   Level
a - Shock                 Conj/Air       32%        1d5       9%          1

Your spell library contained the following spells:

 Spells                   Type           Power      Damage    Failure   Level
 Static Discharge         Conj/Air       16%        3-4/arc   12%         2
 Swiftness                Air            12%        N/A       16%         3
 Airstrike                Air            6%         2d(1-17)  45%         4


Dungeon Overview and Level Annotations

Branches:
Dungeon (2/15)

Altars:


Innate Abilities, Weirdness & Mutations

You are too large for most types of armour.
You have a pair of small horns on your head.
You have tough skin. (AC +1)
You gain doubled healing and magic from potions.
Whenever you drink a healing potion, you attack all around you.


Message History

The zap hits the giant cockroach.
The giant cockroach is severely wounded.
The zap misses the adder.
The giant cockroach bites you but does no damage.
A goblin comes into view. It is wielding a +0 dagger.
The giant cockroach bites you but does no damage.
The adder attacks as it pursues you! The adder bites you.
The giant cockroach bites you but does no damage.
You miss the adder. The adder closely misses you.
The giant cockroach bites you. The adder bites you but does no damage.
The giant cockroach bites you but does no damage.
You closely miss the adder. The adder bites you.
The giant cockroach closely misses you. The adder bites you but does no damage.
The giant cockroach bites you but does no damage.
The adder attacks as it pursues you! The adder bites you.
The giant cockroach bites you but does no damage.
The goblin attacks as it pursues you! The goblin hits you but does no damage.
The giant cockroach bites you. The goblin attacks as it pursues you!
The goblin barely misses you. The adder bites you but does no damage.
The adder attacks as it pursues you! The adder bites you.
You are poisoned.
The adder poisons you!
You feel sick.
You feel sick. The adder attacks as it pursues you!
The adder bites you but does no damage.
The giant cockroach bites you but does no damage.
You feel sick. The adder attacks as it pursues you! The adder bites you.
* * * LOW HITPOINT WARNING * * *
The adder bites you.
* * * LOW HITPOINT WARNING * * *
There is a stone staircase leading up here.
Unknown command.
You feel sick.
The giant cockroach bites you but does no damage.
The adder bites you.
* * * LOW HITPOINT WARNING * * *
You are lethally poisoned!
The adder poisons you!
You climb upwards.
You die...

)##.#.##.#.......##.####..#
.##...###.#......##.####..#
.####.#####......##.......##
.....†...##......###.......#
##.##†##.##......# #.###.#.#
#.##............# #.##....#
#.....#.##......# #.##....#
#..##.#..#.####.# #.##..).#
#..##.........B@###.##.##.#
#..........##..S..........#
##...........#.#####.##.####
.#...#..................###
.......#....##.#####.####.###
# ..####.......#.......#
#....## #
..###.........########
##....#### .......≈≈.≈≈....#
#........ ..##...≈...≈....#
#..>.####


You could see an adder and a giant cockroach.

Vanquished Creatures
  2 bats
  3 goblins
  A hobgoblin (D:1)
  3 jackals (D:1)
  2 quokkas (D:1)
  2 frilled lizards (D:1)
  3 kobolds
  A rat (D:1)
17 creatures vanquished.

Notes
Turn   | Place    | Note
-------+----------+-------------------------------------------
     0 | D:1      | bjtr the Oni Air Elementalist began the quest for the Orb.
     0 | D:1      | Reached XP level 1. HP: 16/16 MP: 3/3
   411 | D:1      | Reached XP level 2. HP: 15/24 MP: 3/5
   873 | D:2      | HP: 1/24 [adder (3)]
   874 | D:1      | Succumbed to an adder's poison

Illustrated notes

Levels and vault maps discovered:
D:1:      mainiacjoe_arrival_oval_in_oval, layout_loops_cross
D:2:      layout_rooms

Skill      XL: |  1  2 |
---------------+-------+-----
Air Magic      | 3 |  3.1
Spellcasting   | 3 |  3.0
Dodging        | |  1.8
Stealth        | |  1.5
Conjurations   | |  0.8

Action                     || total
---------------------------++-------
  Melee: Dagger            ||    17
         Mace              ||    26
         Headbutt          ||     4
   Cast: Shock             ||    15
   Stab: Sleeping          ||     2
 Armour: Robe              ||    55
  Dodge: Dodged            ||    25

Table legend: (Time is in decaauts)
 A = Elapsed time spent in this place.
 B = Non-inter-level travel time spent in this place.
 C = Inter-level travel time spent in this place.
 D = Time resting spent in this place.
 E = Time spent auto-exploring this place.
 F = Levels seen in this place.
 G = Mean time per level.
                   A        B        C        D        E       F      G
               +--------+--------+--------+--------+--------+-----+--------+
         Total |    883 |    830 |     53 |     51 |    600 |   2 |  441.5 |
       Dungeon |    883 |    830 |     53 |     51 |    600 |   2 |  441.5 |
               +--------+--------+--------+--------+--------+-----+--------+

Top non-repeatable levels by time:
     D:1: 855 daAuts
     D:2: 28 daAuts
